 Dungeon Crawl Stone Soup version 0.31.0-32-g396128a36d (webtiles) character file.

Game seed: 11991206274080975152

9 spaghetti the Caller (level 2, -1/22 HPs)
             Began as a Naga Summoner on Mar 10, 2024.
             Slain by a jackal (2 damage)
             ... on level 1 of the Dungeon.
             The game lasted 00:01:08 (420 turns).

spaghetti the Caller (Naga Summoner)                 Turns: 420, Time: 00:01:08

Health: -1/22      AC:  1    Str:  9 (10) XL:     2   Next: 16%
Magic:  5/5        EV:  9    Int: 13 (15) God:
Gold:   9          SH:  0    Dex:  9 (11) Spells: 3/6 levels left

rFire   . . .        (no weapon)
rCold   . . .        (no shield)
rNeg    . . .        a - +0 robe
rPois   +            (no helmet)
rElec   .            (no cloak)
rCorr   .            (no gloves)
SInv    +            (no barding)
Will    .....        (no amulet)
Stlth   ++           (no ring)
HPRegen 0.23/turn    (no ring)
MPRegen 0.09/turn

%: no passive effects
@: very slow
A: AC +0, large, see invisible, deformed body, poison resistance, slowness 2,
spit poison 1, naga tail 1
a: Spit Poison


You were on level 1 of the Dungeon.
You visited 1 branch of the dungeon, and saw 1 of its levels.

You collected 9 gold pieces.

Inventory:

Armour
 a - a +0 robe (worn)
Scrolls
 d - a scroll of noise {unknown}


   Skills:
 - Level 1.5 Dodging
 - Level 3.0 Stealth
 + Level 2.7 Spellcasting
 - Level 4.0 Summonings


You had 3 spell levels left.
You knew the following spells:

 Your Spells              Type           Power      Damage    Failure   Level
a - Summon Small Mammal   Summ           48%        N/A       4%          1
b - Call Imp              Summ           24%        N/A       7%          2

Your spell library contained the following spells:

 Spells                   Type           Power      Damage    Failure   Level
 Call Canine Familiar     Summ           12%        N/A       14%         3
 Summon Blazeheart Golem  Fire/Summ      6%         N/A       71%         4
 Summon Lightning Spire   Summ/Air       6%         N/A       71%         4


Dungeon Overview and Level Annotations

Branches:
Dungeon (1/15)

Altars:


Innate Abilities, Weirdness & Mutations

Your serpentine skin is tough. (AC +0)
You have supernaturally acute eyesight. (SInv)
Armour fits poorly on your strangely shaped body.
Your system is resistant to poisons. (rPois)
You cover ground very slowly.
You can spit poison.
You have a snake-like lower body.


Message History

Confirm with . or Enter, or press ? or * to list all spells.
The jackal bites you. x2
* * * LOW HITPOINT WARNING * * *
You miss the jackal.
The jackal is heavily wounded.
Your bat barely misses the jackal.
Your bat hits the jackal but does no damage.
The jackal closely misses your bat.
You barely miss the jackal.
The jackal is heavily wounded.
The jackal bites you.
* * * LOW HITPOINT WARNING * * *
Okay, then.
You closely miss the jackal.
The jackal is heavily wounded.
Your bat misses the jackal. The jackal bites you.
* * * LOW HITPOINT WARNING * * *
Your bat barely misses the jackal.
The jackal closely misses you.
Your bat barely misses the jackal.
You hit the jackal but do no damage.
The jackal is moderately wounded.
You have got your breath back.
Your bat hits the jackal but does no damage.
The jackal barely misses you.
Aiming: Spit Poison (2% risk of failure)
Press: ? - help, Shift-Dir - straight line, f/p - jackal
Aim: a jackal (moderately wounded, ally target, 50% to hit)
The splash of poison misses the jackal.
Your bat misses the jackal. Your bat hits the jackal.
The jackal barely misses you. The jackal bites you.
* * * LOW HITPOINT WARNING * * *
You closely miss the jackal.
The jackal is moderately wounded.
The jackal bites you.
* * * LOW HITPOINT WARNING * * *
Okay, then.
Magic courses through your body.
You have got your breath back.
Your bat hits the jackal but does no damage.
The jackal bites you.
You die...

#.####.#..#
#...†.....#
########.##
#.# #.# #b#
#.# #h# #@#
#.# #!# #.#
#.# #.# #.#
#.#


You could see a jackal (ally target) and a friendly bat (summoned).

Vanquished Creatures
  2 jackals (D:1)
  2 bats (D:1)
  A kobold (D:1)
  3 rats (D:1)
8 creatures vanquished.

Vanquished Creatures (collateral kills)
  A ball python (D:1)
  A jackal (D:1)
2 creatures vanquished.

Grand Total: 10 creatures vanquished

Notes
Turn   | Place    | Note
-------+----------+-------------------------------------------
     0 | D:1      | spaghetti the Naga Summoner began the quest for the Orb.
     0 | D:1      | Reached XP level 1. HP: 15/15 MP: 3/3
   396 | D:1      | Reached XP level 2. HP: 6/22 MP: 0/5
   401 | D:1      | Learned a level 2 spell: Call Imp
   419 | D:1      | HP: 1/22 [jackal (3)]
   420 | D:1      | Slain by a jackal

Illustrated notes

Levels and vault maps discovered:
D:1:      minmay_arrival_radiant_lines, layout_basic, grunt_decor_arrowhead

Action                     || total
---------------------------++-------
  Melee: Unarmed           ||    41
   Cast: Summon Small Mamm ||     8
Ability: Spit Poison       ||     9
    Use: Potion            ||     3
   Stab: Sleeping          ||     1
 Armour: Robe              ||    61
  Dodge: Dodged            ||    39
